 Dungeon Crawl Stone Soup version 0.29-a0-577-gafbf2c5d25 (webtiles) character file.

Game seed: 2954299246179127322

109 happo123 the Ruffian (level 4, -4/42 HPs)
             Began as a Troll Warper on June 14, 2022.
             Slain by a gnoll
             ... wielding a +0 whip
              (9 damage)
             ... on level 2 of the Dungeon.
             The game lasted 00:05:28 (1433 turns).

happo123 the Ruffian (Troll Warper)                 Turns: 1433, Time: 00:05:28

Health: -4/42      AC:  4    Str: 19    XL:     4   Next: 59%
Magic:  2/5        EV: 10    Int: 11    God:
Gold:   111        SH:  0    Dex:  9    Spells: 4/6 levels left

rFire   . . .      SeeInvis .     - Unarmed
rCold   . . .      Faith    .   (no shield)
rNeg    . . .      Spirit   .   a - +0 robe
rPois   .          Reflect  .   (helmet restricted)
rElec   .          Harm     .   (no cloak)
rCorr   .          Rampage  .   (gloves unavailable)
Will    .....                   (boots unavailable)
Stlth   +.........              (no amulet)
HPRegen 0.94/turn               (no ring)
MPRegen 0.09/turn               (no ring)

@: no status effects
A: large, unfitting armour, claws 3, regeneration 1, shaggy fur 1, tough skin 1
a: no special abilities


You were on level 2 of the Dungeon.
You visited 1 branch of the dungeon, and saw 2 of its levels.

You collected 111 gold pieces.

Inventory:

Missiles
 c - 7 boomerangs of dispersal (quivered)
Armour
 a - a +0 robe (worn)
Scrolls
 b - a scroll of blinking
 d - 3 scrolls of noise {unknown}
 f - a scroll of enchant armour {unknown}
 g - a scroll of magic mapping {unknown}
 h - a scroll of teleportation {unknown}
 j - 2 scrolls of identify {unknown}
Potions
 e - a potion of curing {unknown}
 i - a potion of ambrosia {unknown}


   Skills:
 + Level 2.0 Fighting
 - Level 0.8 Throwing
 + Level 2.4 Dodging
 * Level 3.0 Unarmed Combat
 + Level 1.5 Spellcasting
 * Level 2.8 Translocations


You had 4 spell levels left.
You knew the following spells:

 Your Spells              Type           Power      Damage    Failure   Level
a - Blink                 Tloc           14%        N/A       14%         2

Your spell library contained the following spells:

 Spells                   Type           Power      Damage    Failure   Level
 Apportation              Tloc           14%        N/A       10%         1
 Gell's Gravitas          Tloc           7%         N/A       28%         3
 Lesser Beckoning         Tloc           7%         N/A       28%         3
 Teleport Other           Tloc           7%         N/A       28%         3
 Necrotize                Necr           0%         1d4       30%         1
 Summon Small Mammal      Summ           0%         N/A       30%         1
 Manifold Assault         Tloc           7%         N/A       95%         5


Dungeon Overview and Level Annotations

Branches:
Dungeon (2/15)

Altars:


Innate Abilities, Weirdness & Mutations

You are too large for most types of armour.
You have claws for hands.
Your natural rate of healing is unusually fast.
You are covered in fur. (AC +1)
You have tough skin. (AC +1)


Message History

The gnoll is almost dead.
The hobgoblin barely misses you. The gnoll barely misses you.
You claw the gnoll!
You kill the gnoll!
The hobgoblin hits you but does no damage.
You claw the endoplasm!
You kill the endoplasm!
The hobgoblin barely misses you.
You scratch the gnoll.
The gnoll is moderately wounded.
The hobgoblin barely misses you. The gnoll barely misses you.
You scratch the gnoll but do no damage.
The gnoll is moderately wounded.
You barely miss the gnoll.
The gnoll is moderately wounded.
You scratch the gnoll.
The gnoll is heavily wounded.
The hobgoblin closely misses you. The gnoll hits you with a +0 whip.
* * * LOW HITPOINT WARNING * * *
You scratch the gnoll.
The gnoll is heavily wounded.
The hobgoblin barely misses you. The gnoll hits you with a +0 whip.
* * * LOW HITPOINT WARNING * * *
You barely miss the gnoll.
The gnoll is heavily wounded.
The hobgoblin hits you.
* * * LOW HITPOINT WARNING * * *
The gnoll closely misses you.
You barely miss the gnoll.
The gnoll is heavily wounded.
The hobgoblin barely misses you. The gnoll hits you but does no damage.
You scratch the gnoll but do no damage.
The gnoll is heavily wounded.
The hobgoblin hits you.
* * * LOW HITPOINT WARNING * * *
The gnoll barely misses you.
You closely miss the gnoll.
The gnoll is heavily wounded.
The hobgoblin closely misses you. The gnoll hits you with a +0 whip!
You die...

.##.##..).......#..##<..####
.......)$.......#..##.#.####
#.##..#####.....#..##.#.#...
.... ##.......##.#.#.#. #...
#..####.##.#.#.#. #.. #..#
#....#.#.#. #. #..#
#####..#.#. # ##g.# #.##.#.
#@g## #....#. #.......##
####### ##.....## ######


You could see a gnoll and a hobgoblin.

Vanquished Creatures
  4 gnolls
  An adder (D:2)
  3 worms (D:2)
  6 endoplasms
  7 giant cockroaches
  4 goblins
  3 hobgoblins (D:1)
  3 jackals (D:2)
  5 ball pythons
  4 bats
  3 frilled lizards
  5 kobolds
  A rat (D:2)
49 creatures vanquished.

Notes
Turn   | Place    | Note
-------+----------+-------------------------------------------
     0 | D:1      | happo123 the Troll Warper began the quest for the Orb.
     0 | D:1      | Reached XP level 1. HP: 19/19 MP: 1/1
    44 | D:1      | Reached XP level 2. HP: 21/28 MP: 2/2
   355 | D:1      | Reached XP level 3. HP: 35/35 MP: 4/4
   362 | D:1      | Learned a level 2 spell: Blink
  1222 | D:2      | Reached XP level 4. HP: 42/42 MP: 5/5
  1411 | D:2      | Reached skill level 3 in Unarmed Combat
  1415 | D:2      | HP: 2/42 [gnoll/+0 whip (4)]
  1433 | D:2      | Slain by a gnoll

Illustrated notes

Levels and vault maps discovered:
D:1:      co_arrival_square_in_a_square_in_a_square, layout_basic,
          dreamdust_princess_corridor
D:2:      layout_basic, minmay_misc_feat_enclosed, nrook_mini_vaults,
          corexii_leaking_fountain, kennysheep_jessica_study

Skill      XL: |  1  2  3  4 |
---------------+-------------+-----
Dodging        | 2 |  2.4
Fighting       | 2 |  2.0
Unarmed Combat | 3 |  3.0
Throwing       | |  0.8
Spellcasting   | |  1.5
Translocations | |  2.8

Action                   |  1- 3 |  4- 6 || total
-------------------------+-------+-------++-------
Melee: Unarmed           |    95 |    41 ||   136
 Cast: Blink             |       |     1 ||     1
 Stab: Sleeping          |     1 |       ||     1
Armor: Robe              |    23 |    15 ||    38
Dodge: Dodged            |    44 |    42 ||    86

Table legend: (Time is in decaauts)
 A = Elapsed time spent in this place.
 B = Non-inter-level travel time spent in this place.
 C = Inter-level travel time spent in this place.
 D = Time resting spent in this place.
 E = Time spent auto-exploring this place.
 F = Levels seen in this place.
 G = Mean time per level.
                   A        B        C        D        E       F      G
               +--------+--------+--------+--------+--------+-----+--------+
         Total |   1426 |   1379 |     47 |      0 |   1023 |   2 |  713.0 |
       Dungeon |   1426 |   1379 |     47 |      0 |   1023 |   2 |  713.0 |
               +--------+--------+--------+--------+--------+-----+--------+

Top non-repeatable levels by time:
     D:1: 850 daAuts
     D:2: 575 daAuts
